 Dungeon Crawl Stone Soup version 0.19-a0-49-gb8736b8 (webtiles) character file.

1521 M4edhros the Martial Artist (level 8, -2/50 HPs)
             Began as an Octopode Necromancer on May 6, 2016.
             Was a Follower of Cheibriados.
             Slain by a centaur (6 damage)
             ... on level 8 of the Dungeon.
             The game lasted 00:21:05 (2835 turns).

M4edhros the Martial Artist (Octopode Necromancer)  Turns: 2835, Time: 00:21:05

Health: -2/50      AC:  3    Str: 10    XL:     8   Next: 84%
Magic:  11/11      EV: 11    Int: 21    God:    Cheibriados [*.....]
Gold:   154        SH: 11    Dex: 17    Spells: 3 memorised, 6 levels left

rFire  . . .     SeeInvis .     E - +2 trident (venom)
rCold  . . .     Gourm    .     t - +2 shield
rNeg   . . .     Faith    .     (helmet restricted)
rPois  +         Spirit   .     (no amulet)
rElec  .         Dismiss  .     i - ring of sustain attributes
rCorr  .         Reflect  .     F - ring of poison resistance
SustAt +         Harm     .     (no ring)
MR     .....                    (no ring)
Stlth  +++.......               (no ring)
                                (no ring)
                                (no ring)
                                (no ring)

@: lethally poisoned (-2 -> -5), very slightly contaminated, hasted, quick, not
resistant to hostile enchantments, fairly stealthy
A: almost no armour, amphibious, 8 rings, constrict 8, tentacle spike 1, thin
metallic scales 1, camouflage 1, robust 1, gelatinous body 1
a: Bend Time, Renounce Religion


You were on level 8 of the Dungeon.
You worshipped Cheibriados.
Cheibriados was aware of your devotion.
You were near starving.

You visited 2 branches of the dungeon, and saw 9 of its levels.
You also visited: Ossuary.

You collected 154 gold pieces.

Inventory:

Hand Weapons
 l - a +1 dagger of venom
 D - a +0 spear of venom
 E - a +2 trident of venom (weapon)
Missiles
 f - 15 tomahawks (quivered)
Armour
 t - a +2 shield (worn)
Jewellery
 i - a ring of sustain attributes (left tentacle)
 F - a ring of poison resistance (right tentacle)
Wands
 m - a wand of paralysis (3/24)
 o - a wand of slowing (0/48)
 p - a wand of slowing (30/48)
 B - a wand of lightning (3/15)
 K - a wand of acid (7/15)
Scrolls
 g - 2 scrolls of fog {unknown}
 h - a scroll of magic mapping {unknown}
 j - a scroll of immolation {unknown}
 r - 2 scrolls of teleportation
 u - a scroll of blinking {unknown}
 v - a scroll of identify
 w - a scroll of random uselessness {unknown}
 y - a scroll of remove curse {unknown}
 C - a scroll of noise {unknown}
 H - a scroll of enchant armour {unknown}
 J - a scroll of enchant weapon {unknown}
Potions
 c - a potion of ambrosia
 e - 4 potions of magic
 n - a potion of agility
 z - a potion of haste
 A - a potion of lignification {unknown}
 G - a potion of berserk rage {unknown}
Books
 a - a book of Necromancy

   Spells                             Type                      Level
   a - Pain                           Necromancy                   1
   b - Animate Skeleton               Necromancy                   1
   c - Vampiric Draining              Necromancy                   3
   d - Regeneration                   Charms/Necromancy            3
   e - Animate Dead                   Necromancy                   4
   f - Control Undead                 Necromancy                   4
 I - a book of Frost

   Spells                             Type                      Level
   a - Freeze                         Ice                          1
   b - Throw Frost                    Conjuration/Ice              2
   c - Ozocubu's Armour               Charms/Ice                   3
   d - Throw Icicle                   Conjuration/Ice              4
   e - Summon Ice Beast               Ice/Summoning                4
Comestibles
 b - 3 bread rations
 d - 2 beef jerkies
 k - 4 meat rations


   Skills:
 - Level 2.0 Dodging
 - Level 2.6 Stealth
 + Level 4.8 Shields
 * Level 9.4 Unarmed Combat
 - Level 2.0 Spellcasting
 - Level 4.0 Necromancy


You had 6 spell levels left.
You knew the following spells:

 Your Spells              Type           Power        Failure   Level  Hunger
a - Pain                  Necr           ###.         12%         1    #......
b - Animate Skeleton      Necr           N/A          12%         1    #......
r - Regeneration          Chrm/Necr      ##........   73%         3    ###....


Dungeon Overview and Level Annotations

Branches:
Dungeon (8/15)             Temple (1/1) D:5
   Lair: D:8-11

Altars:
Cheibriados
Dithmenos
Elyvilon
Gozag
Qazlal


Innate Abilities, Weirdness & Mutations

You cannot wear most types of armour.
You are amphibious.
You can wear up to eight rings at the same time.
You can use your tentacles to constrict eight enemies at once.
Your skin changes colour to match your surroundings (Stealth).
Your rubbery body absorbs attacks (AC +1).
One of your tentacles bears a spike.
You are partially covered in thin metallic scales (AC +2).
You are robust (+10% HP).


Message History

an arrow; a water moccasin corpse; a giant frog corpse You barely miss the centaur.
The centaur is severely wounded.
The killer bee stings you.
* * * LOW HITPOINT WARNING * * *
You are poisoned.
The killer bee poisons you! You block the centaur's attack.
The killer bee stings you!
* * * LOW HITPOINT WARNING * * *
Drink which item? (? for menu, Esc to quit)
Okay, then.
Evoke which item? (* to show all) (? for menu, Esc to quit)
Zapping:
m - a wand of paralysis (4/24)
Press: ? - help, Shift-Dir - straight line, f - killer bee, p - centaur
Aim: a killer bee (chance to defeat MR: 54%)
The killer bee resists with significant effort.
This wand has 3 charges left.
* * * LOW HITPOINT WARNING * * *
You feel sick. You block the killer bee's attack. The centaur hits you.
You die...

#............##
#######.##.#.#
###...#.#.##
#...........
#.#...##.###
#.##.## # # #.#
#y# #@#
.......c.......
........##...##
##.#.#### .## #
#. # . . .#


You could see a centaur and a killer bee.

Vanquished Creatures
  A water moccasin (D:8)
  A centaur (D:6)
  An ogre (D:4)
  A giant frog (D:8)
  A scorpion (D:7)
  4 killer bees (D:8)
  4 crimson imps
  A gnoll shaman (D:6)
  A jelly (D:5)
  2 orc priests
  2 hounds
  4 orc wizards
  A giant frog skeleton (D:5)
  2 worker ants (D:5)
  A hound zombie (D:8)
  3 mummies (Ossuary)
  10 gnolls
  A howler monkey skeleton (D:7)
  6 adders
  An adder skeleton (D:4)
  5 adder zombies (Ossuary)
  A dart slug (D:2)
  3 giant geckos
  14 orcs
  A giant cockroach (D:5)
  4 goblins
  A hobgoblin (D:3)
  A kobold (D:1)
  4 quokkas
  A ball python (D:1)
  A bat (D:1)
  3 giant newts
  6 goblin zombies
  A hobgoblin zombie (Ossuary)
  A kobold zombie (Ossuary)
  A quokka skeleton (D:5)
  3 quokka zombies (Ossuary)
  2 rats (D:3)
  4 rat zombies (Ossuary)
105 creatures vanquished.

Vanquished Creatures (collateral kills)
  An ice beast (D:5)
  An ogre (D:5)
  A gnoll sergeant (D:5)
  An orc (D:6)
4 creatures vanquished.

Grand Total: 109 creatures vanquished

Notes
Turn   | Place    | Note
--------------------------------------------------------------
     0 | D:1      | M4edhros the Octopode Necromancer began the quest for the Orb.
     0 | D:1      | Reached XP level 1. HP: 11/11 MP: 3/3
   177 | D:1      | Reached skill level 1 in Unarmed Combat
   340 | D:2      | Reached XP level 2. HP: 17/17 MP: 5/5
   431 | D:3      | Reached skill level 2 in Unarmed Combat
   451 | D:3      | Learned a level 1 spell: Animate Skeleton
   483 | D:3      | Found an opulent altar of Gozag.
   494 | D:3      | Reached XP level 3. HP: 4/21 MP: 3/6
   499 | D:3      | Learned a level 3 spell: Regeneration
   499 | D:3      | HP: 1/21 [hobgoblin (2)]
   669 | D:3      | Reached skill level 3 in Unarmed Combat
   738 | D:4      | Reached XP level 4. HP: 20/27 MP: 2/7
   827 | D:4      | Reached skill level 4 in Unarmed Combat
   832 | D:4      | Reached XP level 5. HP: 21/31 MP: 1/8
   999 | D:4      | Reached skill level 5 in Unarmed Combat
  1034 | D:4      | Noticed an ogre
  1048 | D:4      | Killed an ogre
  1048 | D:4      | Reached XP level 6. HP: 36/36 MP: 9/9
  1102 | D:5      | Entered Level 5 of the Dungeon
  1164 | D:5      | Reached skill level 6 in Unarmed Combat
  1204 | D:5      | Reached skill level 1 in Shields
  1315 | D:5      | Found a sand-covered staircase.
  1322 | Ossuary  | Entered an ossuary
  1339 | Ossuary  | HP: 1/36 [mummy (19)]
  1345 | Ossuary  | Reached XP level 7. HP: 2/41 MP: 10/10
  1353 | Ossuary  | tough fight in ossuary, 3 mummies.
  1669 | D:5      | Reached skill level 7 in Unarmed Combat
  1933 | D:5      | Found a staircase to the Ecumenical Temple.
  1954 | Temple   | Entered the Ecumenical Temple
  1963 | Temple   | Became a worshipper of Cheibriados the Contemplative
  2171 | D:6      | Reached XP level 8. HP: 41/46 MP: 11/11
  2248 | D:6      | Reached skill level 8 in Unarmed Combat
  2428 | D:7      | Reached * piety under Cheibriados
  2735 | D:8      | Gained mutation: You are partially covered in thin metallic scales (AC +2). [potion of mutation]
  2735 | D:8      | Gained mutation: You are robust (+10% HP). [potion of mutation]
  2735 | D:8      | Gained mutation: One of your tentacles bears a spike. [potion of mutation]
  2763 | D:8      | Reached skill level 9 in Unarmed Combat
  2835 | D:8      | Slain by a centaur

Vault maps used:
D:1:      sevenhm_arrival_forest_fort_small_4, minmay_liquid_box,
          minmay_misc_feat_encased
D:2:      first_bread, kennysheep_path_1, fedhas_altar_3, uniq_robin,
          uniq_natasha, uniq_jessica
D:3:      ecumenical_altar_1, nicolae_gozag_seed_capital
D:5:      minmay_temple_entry_nine_rooms, enter_ossuary_4
D:6:      hangedman_decor_riveting
D:7:      uniq_prince_ribbit1
D:8:      gammafunk_temple_overflow_statue, hangedman_ranch
Temple:   grunt_circular_temple_18
Ossuary:  ossuary_minmay_chase

Skill      XL: |  1  2  3  4  5  6  7  8 |
---------------+-------------------------+-----
Unarmed Combat | 1 2 3 4 5 6 7 9 |  9.4
Shields        | 1 3 4 |  4.8
Dodging        | |  2.0
Stealth        | |  2.6
Spellcasting   | |  2.0
Necromancy     | |  4.0

Action                   |  1- 3 |  4- 6 |  7- 9 || total
-------------------------+-------+-------+-------++-------
Melee: Unarmed           |    11 |    55 |    92 ||   158
       Constrict         |     7 |    16 |    51 ||    74
       Tentacles         |     2 |    17 |    30 ||    49
       Dagger            |     8 |       |       ||     8
       Punch             |       |     1 |     4 ||     5
       Spear             |       |       |    51 ||    51
       Trident           |       |       |    51 ||    51
       Kick              |       |       |     7 ||     7
Throw: Tomahawk          |       |     1 |     1 ||     2
 Cast: Pain              |    25 |     4 |       ||    29
       Animate Skeleton  |     2 |     5 |    12 ||    19
       Regeneration      |     1 |     5 |    18 ||    24
Evoke: Wand              |       |     8 |    12 ||    20
  Use: Scroll            |     4 |     3 |       ||     7
       Potion            |       |     4 |     7 ||    11
 Stab: Sleeping          |     1 |     3 |    11 ||    15
       Paralysed         |       |     7 |     4 ||    11
       Distracted        |       |       |     3 ||     3
  Eat: Chunk             |       |     3 |     7 ||    10
Armor: Skin              |       |       |    11 ||    11
Dodge: Dodged            |     8 |    14 |    71 ||    93
Block: Shield            |       |     1 |    90 ||    91
